 Dungeon Crawl Stone Soup version 0.22-a0-587-g7d32d7c7ae (webtiles) character file.

0 M4edhros the Grave Robber (level 1, 0/11 HPs)
             Began as an Octopode Necromancer on July 3, 2018.
             Slain by a bat (1 damage)
             ... on level 1 of the Dungeon on July 4, 2018.
             The game lasted 00:00:46 (57 turns).

M4edhros the Grave Robber (Octopode Necromancer)      Turns: 57, Time: 00:00:46

Health: 0/11       AC:  1    Str:  7    XL:     1   Next: 10%
Magic:  3/3        EV: 13    Int: 17    God:
Gold:   0          SH:  0    Dex: 12    Spells: 3/4 levels left

rFire    . . .     SeeInvis .   (no weapon)
rCold    . . .     Gourm    .   (no shield)
rNeg     . . .     Faith    .   (helmet restricted)
rPois    .         Spirit   .   (no amulet)
rElec    .         Reflect  .   d - ring of stealth
rCorr    .         Harm     .   (no ring)
MR       .....                  (no ring)
Stlth    ++++......             (no ring)
HPRegen  0.03/turn              (no ring)
MPRegen  0.08/turn              (no ring)
                                (no ring)
                                (no ring)

@: no status effects
A: almost no armour, stealthy swim, amphibious, 8 rings, constrict 8, camouflage
1, gelatinous body 1
a: no special abilities


You were on level 1 of the Dungeon.
You were not hungry.

You visited 1 branch of the dungeon, and saw 1 of its levels.

Inventory:

Jewellery
 d - a ring of stealth (left tentacle)
Scrolls
 c - a scroll of immolation {unknown}
Potions
 a - a potion of flight {unknown}
Comestibles
 b - a ration


   Skills:
 - Level 2.0 Dodging
 - Level 2.6 Stealth
 + Level 0.2 Unarmed Combat
 - Level 2.0 Spellcasting
 - Level 4.0 Necromancy


You had 3 spell levels left.
You knew the following spells:

 Your Spells              Type           Power        Failure   Level  Hunger
a - Pain                  Necr           ###.         3%          1    #......

Your spell library contained the following spells:

 Spells                   Type           Power        Failure   Level  Hunger
 Animate Dead             Necr           N/A          36%         4    #####..
 Animate Skeleton         Necr           N/A          3%          1    #......
 Vampiric Draining        Necr           ###.......   11%         3    ###....
 Regeneration             Chrm/Necr      #.........   26%         3    ###....


Dungeon Overview and Level Annotations

Branches:
Dungeon (1/15)

Altars:


Innate Abilities, Weirdness & Mutations

You cannot wear most types of armour.
You are very stealthy in the water. (Stealth+)
You are amphibious.
You can wear up to eight rings at the same time.
You can use your tentacles to constrict eight enemies at once.
Your skin changes colour to match your surroundings (Stealth+).
Your rubbery body absorbs attacks. (AC +1, EV +1)


Message History

You closely miss the bat. Your grab misses the bat.
The bat is moderately wounded.
You constrict the frilled lizard.
You kill the frilled lizard!
The bat closely misses you.
You see here a frilled lizard corpse.
Memorise Animate Skeleton, consuming 1 spell level and leaving 2?
The bat hits you.
Your memorisation is interrupted.
* * * LOW HITPOINT WARNING * * *
The bat hits you.
* * * LOW HITPOINT WARNING * * *
You tentacle-slap the bat but do no damage.
Your grab misses the bat.
The bat is moderately wounded.
The bat closely misses you. The bat closely misses you.
You closely miss the bat. You grab the bat.
The bat is moderately wounded.
You constrict the bat. The bat hits you.
You die...

. ### .. #.# #..
#.# ... #.# ..
#.# #.###.#
#..@b.###
####†...####
######
##.#....####....#
###.....##......
####..##..##..
#..##..##..
#..##..##..
#..##..##..
#......##..


You could see a bat.

Vanquished Creatures
  A frilled lizard (D:1)
1 creature vanquished.

Notes
Turn   | Place    | Note
-------+----------+-------------------------------------------
     0 | D:1      | M4edhros the Octopode Necromancer began the quest for the Orb.
     0 | D:1      | Reached XP level 1. HP: 11/11 MP: 3/3
     0 | D:1      | Upgraded the game from 0.22-a0-580-gd5db89c09a to 0.22-a0-587-g7d32d7c7ae
    57 | D:1      | Slain by a bat

Vault maps used:
D:1:      minmay_arrival_wavy_path, kennysheep_another_room

Action                   || total
-------------------------++-------
Melee: Unarmed           ||    11
       Constrict         ||     5
Dodge: Dodged            ||    14

Table legend:
 A = Spawn XP
 B = Non-spawn XP
 C = Spawn XP percentage of total XP
 D = Spawn monster count
 E = Non-spawn monster count
 F = Spawn count percentage of total count
 G = Total turns spent on level
                    A         B        C        D         E        F      G
               +---------+---------+-------+---------+---------+-------+---------
         Total |       0 |       1 |   0.0 |       0 |       1 |   0.0 |    57
               +---------+---------+-------+---------+---------+-------+---------
           D:1 |       0 |       1 |   0.0 |       0 |       1 |   0.0 |    57
               +---------+---------+-------+---------+---------+-------+---------
